Map: [ESL] Inside and Out

Players

Neeb

  • Race: Protoss Protoss
  • League: Grandmaster
  • Spawn Location: 1:00

ShoWTimE - Winner!

  • Race: Protoss Protoss
  • League: Master
  • Spawn Location: 7:00

Event: TSL 9

VOD

Have the link to the VOD?

Description

Time

  • Played on: Aug. 7, 2022, 9:43 a.m.
  • Length: 7:02
Show
View Real Time Build Order
Export as new Build Order

Neeb Protoss 

Build Orders:  

Get SALT Encoding   

  12  0:00  Probe  
  13  0:12  Probe  
  14  0:17  Pylon  
  14  0:24  Probe (Chrono Boost)  
  15  0:36  Gateway, Probe (Chrono Boost)  
  16  0:44  Probe (Chrono Boost)  
  16  0:46  Assimilator  
  17  0:51  Probe  
  18  1:03  Probe  
  19  1:04  Assimilator  
  19  1:06  Pylon  
  19  1:15  Probe  
  20  1:24  Cybernetics Core  
  20  1:27  Probe  
  24  1:50  Nexus  
  21  1:59  Stalker (Chrono Boost)  
  21  2:03  Probe  
  24  2:18  Shield Battery  
  24  2:20  Stalker (Chrono Boost)  
  26  2:30  Pylon  
  24  2:40  Probe  
  24  2:43  Stalker  
  26  2:52  Probe  
  26  2:55  Shield Battery  
  27  3:08  Probe  
  27  3:13  Probe  
  27  3:14  Stalker (Chrono Boost)  
  30  3:20  Probe  
  30  3:25  Probe  
  32  3:32  Warp Gate, Probe  
  32  3:37  Probe  
  33  3:42  Stalker (Chrono Boost)  
  33  3:44  Probe  
  36  3:50  Probe  
  37  3:57  Probe  
  37  4:02  Sentry (Chrono Boost), Probe  
  39  4:09  Probe  
  42  4:14  Probe  
  43  4:21  Probe (Chrono Boost)  
  41  4:26  Probe (Chrono Boost)  
  42  4:32  Phoenix  
  42  4:34  Twilight Council, Probe (Chrono Boost)  
  42  4:38  Probe (Chrono Boost)  
  44  4:41  Probe (Chrono Boost)  
  44  4:43  Sentry, Probe (Chrono Boost)  
  44  4:44  Gateway  
  48  4:48  Probe  
  49  4:53  Probe  
  49  4:54  Pylon  
  50  5:00  Probe  
  50  5:05  Probe, Blink (Chrono Boost)  
  52  5:12  Dark Shrine  
  52  5:22  Nexus  
  52  5:25  Probe x2  
  54  5:30  Stalker  
  56  5:42  Probe x2  
  58  5:44  Pylon  
  58  5:45  Stalker  
  59  5:53  Stalker  
  59  5:54  Probe  
  62  5:57  Assimilator  
  62  5:59  Pylon  
  62  6:02  Probe  
  63  6:06  Shield Battery, Probe  
  63  6:08  Stalker  
  66  6:14  Probe, Gateway  
  66  6:18  Probe  
  68  6:19  Stalker  
  68  6:22  Robotics Facility  
  70  6:27  Probe  
  70  6:30  Pylon  
  70  6:31  Probe  
  72  6:33  Stalker  
  72  6:37  Probe  
  73  6:41  Probe  
  73  6:45  Probe  
  73  6:47  Stalker  
  73  6:49  Probe  
Show
View Real Time Build Order
Export as new Build Order

ShoWTimE Protoss - Winner!

Build Orders: Oracle Opening 

Get SALT Encoding   

  12  0:00  Probe  
  13  0:12  Probe  
  14  0:17  Pylon  
  14  0:24  Probe (Chrono Boost)  
  15  0:36  Gateway, Probe (Chrono Boost)  
  16  0:45  Probe (Chrono Boost)  
  16  0:46  Assimilator  
  17  0:51  Probe  
  18  1:03  Probe (Chrono Boost)  
  19  1:04  Assimilator  
  19  1:05  Pylon  
  19  1:13  Probe (Chrono Boost)  
  20  1:18  Probe (Chrono Boost)  
  20  1:24  Cybernetics Core  
  21  1:29  Probe  
  24  1:32  Zealot  
  24  1:41  Probe  
  25  1:53  Probe  
  26  1:56  Pylon  
  26  2:00  Adept (Chrono Boost)  
  28  2:03  Stargate  
  28  2:14  Shield Battery  
  28  2:16  Shield Battery  
  28  2:22  Shield Battery  
  28  2:27  Shield Battery  
  27  2:38  Warp Gate  
  27  2:39  Probe  
  26  2:49  Oracle (Chrono Boost)  
  29  3:06  Probe  
  30  3:15  Nexus  
  30  3:18  Probe  
  31  3:26  Oracle (Chrono Boost)  
  34  3:33  Stalker  
  36  3:40  Probe  
  37  3:47  Gateway  
  37  3:54  Probe  
  38  4:02  Twilight Council  
  38  4:06  Probe  
  37  4:18  Probe  
  38  4:28  Probe  
  38  4:30  Probe  
  38  4:31  Shield Battery, Stalker  
  39  4:32  Blink (Chrono Boost)  
  39  4:40  Probe  
  39  4:42  Probe  
  41  4:48  Gateway  
  41  4:52  Probe  
  42  4:54  Probe, Pylon  
  42  4:57  Stalker  
  45  5:04  Probe  
  46  5:12  Probe  
  47  5:14  Pylon  
  47  5:17  Stalker  
  47  5:18  Probe  
  50  5:22  Stalker  
  50  5:26  Probe  
  53  5:34  Nexus  
  53  5:42  Gateway  
  53  5:45  Probe x2  
  55  5:50  Stalker x2  
  55  5:55  Stalker  
  61  5:59  Pylon  
  61  6:00  Probe  
  61  6:03  Pylon  
  62  6:09  Assimilator  
  62  6:17  Probe x2  
  64  6:19  Stalker x2  
  64  6:21  Stalker  
  70  6:29  Probe x2  
  70  6:32  Pylon  
  72  6:40  Stalker  
  72  6:41  Probe x2  
  76  6:49  Stalker x3  
Tags
 
Add a new tag
Caveats
  • Supply blocks, unpowered buildings, or Contaminate may cause inaccurate times.
  • Supply counts are checked every 10 seconds.